 Dungeon Crawl Stone Soup version 0.23.2 (webtiles) character file.

Game seed: 12033274306771678600

18 Kairos the Twirler (level 2, 0/22 HPs)
             Began as a Formicid Gladiator on Apr 11, 2019.
             Succumbed to an adder's poison
             ... on level 1 of the Dungeon.
             The game lasted 00:01:17 (778 turns).

Kairos the Twirler (Formicid Gladiator)              Turns: 778, Time: 00:01:18

Health: 0/22       AC:  5    Str: 18    XL:     2   Next: 90%
Magic:  2/2        EV: 12    Int:  7    God:
Gold:   17         SH:  0    Dex: 12    Spells: 1/1 levels left

rFire    . . .     SeeInvis +   a - +0 quarterstaff
rCold    . . .     Gourm    .   (no shield)
rNeg     . . .     Faith    .   b - +0 leather armour
rPois    .         Spirit   .   (helmet unavailable)
rElec    .         Reflect  .   (no cloak)
rCorr    .         Harm     .   (no gloves)
MR       .....     Clarity  +   (no boots)
Stlth    +.........             (no amulet)
HPRegen  0.07/turn              (no ring)
MPRegen  0.08/turn              (no ring)

@: lethally poisoned (0 -> -5)
A: permanent stasis, dig shafts and tunnels, four strong arms, antennae 3,
molten scales 1, clarity, high mp 1, mutation resistance 1
a: Dig, Shaft Self


You were on level 1 of the Dungeon.
You were not hungry.

You visited 1 branch of the dungeon, and saw 2 of its levels.

You collected 17 gold pieces.

Inventory:

Hand Weapons
 a - a +0 quarterstaff (weapon)
Missiles
 c - 3 throwing nets (quivered)
Armour
 b - a +0 leather armour (worn)
Scrolls
 f - a scroll of fog {unknown}
 g - a scroll of magic mapping
 i - a scroll of teleportation {unknown}
Potions
 h - a potion of flight {unknown}
Comestibles
 d - 2 rations


   Skills:
 + Level 2.3 Fighting
 + Level 3.3 Staves
 + Level 2.2 Throwing
 + Level 0.2 Armour
 + Level 3.0 Dodging


You had one spell level left.
You didn't know any spells.
Your spell library was empty.

Dungeon Overview and Level Annotations

Branches:
Dungeon (2/15)

Altars:


Innate Abilities, Weirdness & Mutations

You cannot be hasted, slowed, berserked, paralysed or teleported.
You can dig through walls and to a lower floor.
Your four strong arms can wield two-handed weapons with a shield.
You have a pair of large antennae on your head. (SInv)
You are partially covered in molten scales. (AC +2)
You possess an exceptional clarity of mind.
You have an increased reservoir of magic. (+10% MP)
You are somewhat resistant to further mutation.


Message History

You feel sick. The adder completely misses you.
You miss the adder.
You feel sick.
You are no longer poisoned.
The adder bites you.
* * * LOW HITPOINT WARNING * * *
You hit the adder.
The adder is lightly wounded.
The adder closely misses you. The adder bites you.
* * * LOW HITPOINT WARNING * * *
You miss the adder.
The adder is lightly wounded.
The adder bites you.
* * * LOW HITPOINT WARNING * * *
You are lethally poisoned!
The adder poisons you!
Unknown command.
It was a potion of berserk rage.
Your stasis prevents you from going berserk.
You die...

#..............#....#
######.############.#.##.#
.....#.# #.#.##.# ####.#.#####
#†#.##.# #..........#
#.#.##.######## #.##.#.###.#
#.#.##......... #.##.#.#...#
#.#.###########
#.##.#.############..............
#.##.#..........@S.>.............
#.##.##############.#.#.#...#.###
#.##.####...# #.#.#.#......#
#.##.#....#)# #.#.#........#
#.##......#.#### #.#.###......#
#.####.........# #.#..........#
#.# #.........# #.#####......#
#.####.........# #.# #......##
#..............# #.# #......#.


You could see an adder.

Vanquished Creatures
  A ball python (D:1)
  2 goblins (D:1)
  2 hobgoblins (D:1)
  2 jackals (D:1)
  7 bats (D:1)
  A frilled lizard (D:1)
  A kobold (D:1)
  A rat (D:1)
17 creatures vanquished.

Notes
Turn   | Place    | Note
-------+----------+-------------------------------------------
     0 | D:1      | Kairos the Formicid Gladiator began the quest for the Orb.
     0 | D:1      | Reached XP level 1. HP: 16/16 MP: 1/1
   257 | D:1      | Reached XP level 2. HP: 22/22 MP: 2/2
   409 | D:1      | Gained mutation: You have an increased reservoir of magic.
                  | (+10% MP) [potion of mutation]
   409 | D:1      | Gained mutation: You are partially covered in molten
                  | scales. (AC +2) [potion of mutation]
   409 | D:1      | Gained mutation: You are somewhat resistant to further
                  | mutation. [potion of mutation]
   409 | D:1      | Gained mutation: You possess an exceptional clarity of
                  | mind. [potion of mutation]
   777 | D:1      | HP: 1/22 [adder (2)]
   778 | D:1      | Succumbed to an adder's poison

Skill      XL: |  1  2 |
---------------+-------+-----
Dodging        | 3 |  3.0
Fighting       | |  2.3
Staves         | |  3.3
Throwing       | |  2.2
Armour         | |  0.2

Action                   || total
-------------------------++-------
Melee: Quarterstaff      ||    49
  Use: Scroll            ||     2
       Potion            ||     2
Armor: Leather armour    ||    29
Dodge: Dodged            ||    68
